Islanders vs Avalanche

Created - 21 décembre 2017 at 20:08

Goals
1 2 3 T
Islanders 0 2 1 3
Avalanche 0 3 1 4
Shots
1 2 3 T
Islanders 10 16 12 38
Avalanche 9 11 9 29

1st period

No Goal

Penalties :
Radek Faksa (NYI) for Boarding (Minor) at 4:29, Nikita Kucherov (COL) for Interference (Minor) at 15:22

2nd period

1. Avalanche , Mark Stone 7 (Adam Larsson 3) at 0:56
2. Avalanche , Johnny Gaudreau 10 (Nikita Kucherov 18) at 1:11
3. Islanders , Brandon Saad 9 (Kyle Palmieri 11, Tyler Bozak 15) at 5:54
4. Islanders , Nicklas Backstrom 9 (Vladimir Tarasenko 12, Karl Alzner 4) at 6:31 (PP)
5. Avalanche , Taylor Hall 13 (Mark Stone 16, Johnny Gaudreau 8) at 16:30

Penalties :
Mark Stone (COL) for Interference (Minor) at 6:17, Mark Stone (COL) for Cross-checking (Minor) at 7:35, Sam Bennett (COL) for High sticking (Minor) at 18:32

3rd period

6. Islanders , Tyler Bozak 8 (Brandon Saad 12) at 2:57
7. Avalanche , Johnny Gaudreau 11 (Nikita Kucherov 19, Sean Couturier 19) at 8:08 (PP)

Penalties :
Alex Goligoski (NYI) for Hooking (Minor) at 7:52

Goalie Stats

Corey Crawford (NYI), 25 saves from 29 shots - (0,862), L, 9-14-6, 59:17 minutes
Cory Schneider (COL), 35 saves from 38 shots - (0,921), W, 13-6-4, 60:00 minutes

Players Stats for Islanders

Player Name              G  A  P  +/- PIM S  H  SB GA TA FO     MP     PP MP  PK MP  
------------------------------------------------------------------------------------
Alex Goligoski           0  0  0  -2  2   3  3  2  0  1  0/0    25:27   4:15   1:19 
Brandon Saad             1  1  2   0  0   4  0  2  0  1  1/2    17:36   2:37   0:51 
Chris Mueller            0  0  0   0  0   5  0  0  0  0  1/1     7:26   0:00   0:56 
Evan Rodrigues           0  0  0   0  0   0  0  0  0  0  2/5     6:26   0:00   0:00 
Jake Gardiner            0  0  0   1  0   0  0  0  0  1  0/0    20:50   1:56   0:00 
James Neal               0  0  0  -1  0   0  0  1  0  0  0/0    18:22   2:24   0:00 
Jesper Fast              0  0  0   0  0   0  1  1  1  0  0/1    15:18   0:03   1:13 
Jordie Benn              0  0  0   1  0   1  0  1  0  0  0/0    17:41   1:56   0:40 
Karl Alzner              0  1  1  -2  0   1  2  1  0  0  0/0    21:50   4:15   1:35 
Kyle Palmieri            0  1  1   0  0   6  3  2  1  2  0/4    18:32   3:34   0:00 
Mikhail Grigorenko       0  0  0   0  0   0  1  0  2  1  0/0    15:04   0:00   0:52 
Nicklas Backstrom        1  0  1  -1  0   6  2  0  0  0  7/20   20:47   3:31   0:22 
Radek Faksa              0  0  0   0  2   1  4  0  0  1  7/13   14:37   0:16   0:16 
Ryan Murray              0  0  0   0  0   3  2  3  0  0  0/0    16:51   0:00   0:16 
Timo Meier               0  0  0   0  0   0  0  0  0  0  0/0     6:26   0:00   0:00 
Tyler Bozak              1  1  2   0  0   2  1  1  0  1  11/24  16:45   2:37   0:00 
Vladimir Tarasenko       0  1  1  -1  0   4  0  1  1  0  0/0    20:25   3:31   0:00 
Will Butcher             0  0  0   0  0   2  0  1  0  0  0/0    17:19   0:00   0:40 

Players Stats for Avalanche

Player Name              G  A  P  +/- PIM S  H  SB GA TA FO     MP     PP MP  PK MP  
------------------------------------------------------------------------------------
Adam Henrique            0  0  0   0  0   0  1  0  0  0  7/17   15:15   0:23   0:00 
Adam Larsson             0  1  1  -1  0   2  1  1  0  0  0/0    21:44   0:00   2:52 
Damon Severson           0  0  0   1  0   0  1  0  1  0  0/0    16:33   1:34   0:00 
Jaccob Slavin            0  0  0   1  0   2  0  3  0  1  0/0    21:43   0:41   3:19 
Jakob Silfverberg        0  0  0   0  0   0  1  1  0  1  0/0    17:59   0:39   3:55 
Johnny Gaudreau          2  1  3   1  0   6  0  0  1  0  0/1    17:31   1:13   0:00 
Mark Giordano            0  0  0   1  0   1  1  0  0  1  0/0    17:24   1:34   0:00 
Mark Jankowski           0  0  0   0  0   1  1  1  0  0  1/1    12:18   0:00   0:00 
Mark Stone               1  1  2   0  4   4  1  0  1  0  1/2    16:16   0:23   1:01 
Mark Stuart              0  0  0   1  0   1  2  1  0  1  0/0    19:29   0:00   3:19 
Mattias Ekholm           0  0  0  -1  0   0  0  2  0  0  0/0    23:07   0:41   2:52 
Micheal Ferland          0  0  0   0  0   0  0  0  0  0  0/0     6:57   0:00   0:00 
Nikita Kucherov          0  2  2   1  2   5  0  1  2  0  0/0    17:30   1:13   0:00 
Pavel Buchnevich         0  0  0   0  0   2  1  0  0  0  0/0     8:31   0:39   0:52 
Sam Bennett              0  0  0   0  2   1  0  0  1  0  3/3     7:51   0:00   0:55 
Sean Couturier           0  1  1   1  0   0  3  1  0  0  16/27  20:23   1:13   1:44 
Taylor Hall              1  0  1   0  0   2  1  0  0  1  0/0    15:15   0:23   0:00 
Zack Smith               0  0  0   0  0   2  0  0  2  0  13/19  17:59   0:39   3:55 

3 Stars

1 - Johnny Gaudreau (COL)
2 - Tyler Bozak (NYI)
3 - Brandon Saad (NYI)

Power Play

Islanders - 1 on 4 Attempt(s) - 25,00%
Avalanche - 1 on 3 Attempt(s) - 33,33%

Penalty Kill

Islanders - 2 on 3 Attempt(s) - 66,67% - Score 0 goal in Penalty Kill
Avalanche - 3 on 4 Attempt(s) - 75,00% - Score 0 goal in Penalty Kill

Team Stat

Islanders - Hits : 19 - Faceoff Wins : 29 - Blocked Shots : 16 - Penalty Minutes : 4
Avalanche - Hits : 14 - Faceoff Wins : 41 - Blocked Shots : 11 - Penalty Minutes : 8

Official

Referees : Kendrick Nicholson and Francis Charron
Linesman : Shandor Alphonso and Andy McElman

Game Notes

7:39 of 3rd period - Penalty Shot by Jake Gardiner for Islanders - Stopped by Cory Schneider

Finance

Level 1 -- Attendance: 4645 (77,42%) -- Ticket Income 464 500 $
Level 2 -- Attendance: 3117 (62,34%) -- Ticket Income 218 190 $
Level 3 -- Attendance: 1234 (61,70%) -- Ticket Income 57 998 $
Level 4 -- Attendance: 2064 (51,60%) -- Ticket Income 72 240 $
Luxury Box -- Attendance: 1000 (100,00%) -- Ticket Income 160 000 $
Game was played at the Pepsi Center.
Total Attendance: 12060 (67,00%)
Total Ticket Income: 972 928 $
Other Income: 476 735 $
Total Income: 1 449 663 $

Islanders

5 vs 5 Forward 
   Center                   Left Wing                Right Wing               Time % Phy DF OF 
 1 Nicklas Backstrom        James Neal               Vladimir Tarasenko       32     0   2  3  
 2 Tyler Bozak              Kyle Palmieri            Brandon Saad             31     0   2  3  
 3 Radek Faksa              Jesper Fast              Mikhail Grigorenko       27     0   3  2  
 4 Evan Rodrigues           Timo Meier               Chris Mueller            10     0   3  2  

5 vs 5 Defense 
   Defense                  Defense                                           Time % Phy DF OF 
 1 Alex Goligoski           Karl Alzner                                       30     0   3  2  
 2 Jordie Benn              Jake Gardiner                                     30     0   3  2  
 3 Will Butcher             Ryan Murray                                       30     0   3  2  
 4 Alex Goligoski           Jake Gardiner                                     10     1   2  2  

PowerPlay Forward 
   Center                   Left Wing                Right Wing               Time % Phy DF OF 
 1 Nicklas Backstrom        Kyle Palmieri            Vladimir Tarasenko       60     0   1  4  
 2 Tyler Bozak              James Neal               Brandon Saad             40     0   1  4  

PowerPlay Defense
   Defense                  Defense                                           Time % Phy DF OF 
 1 Alex Goligoski           Karl Alzner                                       60     0   2  3  
 2 Jordie Benn              Jake Gardiner                                     40     0   2  3  

Penalty Kill 4 Players Forward 
   Center                   Wing                     Time % Phy DF OF 
 1 Radek Faksa              Jesper Fast              60     1   2  2  
 2 Chris Mueller            Mikhail Grigorenko       40     1   2  2  

Penalty Kill 4 Players Defense
   Defense                  Defense                  Time % Phy DF OF 
 1 Alex Goligoski           Karl Alzner              60     1   2  2  
 2 Jordie Benn              Will Butcher             40     1   2  2  

Penalty Kill - 3 Players Forward 
   Forward                                           Time % Phy DF OF 
 1 Radek Faksa                                       50     0   4  1  
 2 Kyle Palmieri                                     50     0   4  1  

Penalty Kill - 3 Players Defense
   Defense                  Defense                  Time % Phy DF OF 
 1 Alex Goligoski           Karl Alzner              50     0   5  0  
 2 Jordie Benn              Will Butcher             50     0   5  0  

4 vs 4 Forward 
   Center                   Wing                     Time % Phy DF OF 
 1 Nicklas Backstrom        Vladimir Tarasenko       60     1   2  2  
 2 Kyle Palmieri            James Neal               40     1   2  2  

4 vs 4 Defense
   Defense                  Defense                  Time % Phy DF OF 
 1 Alex Goligoski           Karl Alzner              60     1   2  2  
 2 Jordie Benn              Jake Gardiner            40     1   2  2  

Last Minutes Offensive
   Center                   Left Wing                Right Wing               Defense                  Defense                  
   Nicklas Backstrom        Kyle Palmieri            Vladimir Tarasenko       Alex Goligoski           Karl Alzner              

Last Minutes Defensive
   Center                   Left Wing                Right Wing               Defense                  Defense                  
   Radek Faksa              Kyle Palmieri            Jesper Fast              Alex Goligoski           Karl Alzner              

Goaltenders
Starting : Corey Crawford           
Backup : Keith Kinkaid            

Extra Forwards
Normal : Radek Faksa, Jesper Fast, Chris Mueller - PP : Radek Faksa, Jesper Fast - PK : Chris Mueller
Extra Defensemen
Normal : Will Butcher, Ryan Murray, Jordie Benn - PP : Will Butcher - PK : Ryan Murray, Jordie Benn
Penalty Shots
Nicklas Backstrom, Vladimir Tarasenko, Kyle Palmieri, James Neal, Brandon Saad
Custom OT Lines Forwards
Nicklas Backstrom, Vladimir Tarasenko, Kyle Palmieri, James Neal, Brandon Saad, Tyler Bozak, Radek Faksa, Jesper Fast, Chris Mueller, Timo Meier
Custom OT Lines Defensemen
Alex Goligoski, Karl Alzner, Jordie Benn, Jake Gardiner, Will Butcher

Scratches
Matt Dumba (Healthy), Colin Greening (Broken Left Thumb Injury), Al Montoya (Healthy)

Avalanche

5 vs 5 Forward 
   Center                   Left Wing                Right Wing               Time % Phy DF OF 
 1 Sean Couturier           Johnny Gaudreau          Nikita Kucherov          33     0   2  3  
 2 Adam Henrique            Taylor Hall              Mark Stone               32     0   2  3  
 3 Zack Smith               Mark Jankowski           Jakob Silfverberg        25     0   2  3  
 4 Sam Bennett              Pavel Buchnevich         Micheal Ferland          10     0   3  2  

5 vs 5 Defense 
   Defense                  Defense                                           Time % Phy DF OF 
 1 Mark Giordano            Jaccob Slavin                                     33     0   3  2  
 2 Adam Larsson             Mattias Ekholm                                    32     0   3  2  
 3 Mark Stuart              Damon Severson                                    25     0   3  2  
 4 Adam Larsson             Mattias Ekholm                                    10     0   3  2  

PowerPlay Forward 
   Center                   Left Wing                Right Wing               Time % Phy DF OF 
 1 Sean Couturier           Johnny Gaudreau          Nikita Kucherov          60     0   1  4  
 2 Adam Henrique            Taylor Hall              Mark Stone               40     0   1  4  

PowerPlay Defense
   Defense                  Defense                                           Time % Phy DF OF 
 1 Mark Giordano            Damon Severson                                    60     0   3  2  
 2 Jaccob Slavin            Mattias Ekholm                                    40     0   3  2  

Penalty Kill 4 Players Forward 
   Center                   Wing                     Time % Phy DF OF 
 1 Zack Smith               Jakob Silfverberg        60     0   3  2  
 2 Sean Couturier           Mark Stone               40     0   3  2  

Penalty Kill 4 Players Defense
   Defense                  Defense                  Time % Phy DF OF 
 1 Mark Stuart              Jaccob Slavin            60     0   4  1  
 2 Mattias Ekholm           Adam Larsson             40     0   4  1  

Penalty Kill - 3 Players Forward 
   Forward                                           Time % Phy DF OF 
 1 Sean Couturier                                    60     0   4  1  
 2 Adam Henrique                                     40     0   4  1  

Penalty Kill - 3 Players Defense
   Defense                  Defense                  Time % Phy DF OF 
 1 Mark Stuart              Jaccob Slavin            60     0   4  1  
 2 Mattias Ekholm           Adam Larsson             40     0   4  1  

4 vs 4 Forward 
   Center                   Wing                     Time % Phy DF OF 
 1 Sean Couturier           Jakob Silfverberg        60     0   2  3  
 2 Zack Smith               Adam Henrique            40     0   2  3  

4 vs 4 Defense
   Defense                  Defense                  Time % Phy DF OF 
 1 Mark Stuart              Jaccob Slavin            60     0   3  2  
 2 Mattias Ekholm           Adam Larsson             40     0   3  2  

Last Minutes Offensive
   Center                   Left Wing                Right Wing               Defense                  Defense                  
   Adam Henrique            Taylor Hall              Nikita Kucherov          Mark Giordano            Jaccob Slavin            

Last Minutes Defensive
   Center                   Left Wing                Right Wing               Defense                  Defense                  
   Sean Couturier           Jakob Silfverberg        Zack Smith               Mark Giordano            Jaccob Slavin            

Goaltenders
Starting : Cory Schneider           
Backup : Troy Grosenick           

Extra Forwards
Normal : Johnny Gaudreau, Zack Smith, Sam Bennett - PP : Johnny Gaudreau, Zack Smith - PK : Sam Bennett
Extra Defensemen
Normal : Mark Stuart, Jaccob Slavin, Mattias Ekholm - PP : Mark Stuart - PK : Adam Larsson, Mattias Ekholm
Penalty Shots
Taylor Hall, Nikita Kucherov, Jakob Silfverberg, Mark Stone, Sean Couturier
Custom OT Lines Forwards
Nikita Kucherov, Taylor Hall, Jakob Silfverberg, Mark Stone, Sean Couturier, Adam Henrique, Johnny Gaudreau, Zack Smith, Sam Bennett, Mark Jankowski
Custom OT Lines Defensemen
Mark Giordano, Jaccob Slavin, Mattias Ekholm, Adam Larsson, Mark Stuart

Scratches
Chris Stewart (Healthy), Alex Chiasson (Healthy), Nikita Tryamkin (Healthy), Aaron Dell (Healthy)

% Time on Ice - Islanders

Lines # - Real PCT - Wanted PCT - Time Play
Normal Forward
1 - 31% - 32% - 15:49
2 - 28% - 31% - 14:12
3 - 28% - 27% - 14:02
4 - 13% - 10% - 6:26
Normal Defense
1 - 30% - 30% - 14:55
2 - 30% - 30% - 15:05
3 - 33% - 30% - 16:35
4 - 8% - 10% - 3:54
PP Forward
1 - 58% - 60% - 3:34
2 - 42% - 40% - 2:37
PP Defense
1 - 69% - 60% - 4:15
2 - 31% - 40% - 1:56
PK Forward
1 - 92% - 60% - 2:04
2 - 8% - 40% - 0:11
PK Defense
1 - 70% - 60% - 1:35
2 - 30% - 40% - 0:40
PK3 Forward
1 - 0% - 50%
2 - 0% - 50%
PK3 Defense
1 - 0% - 50%
2 - 0% - 50%
44 Forward
1 - 0% - 60%
2 - 0% - 40%
44 Defense
1 - 0% - 60%
2 - 0% - 40%
Last Minute Offensive  - 1:05
Last Minute Defensive  - 0:00
Total
Forward - 60:00
Defense - 60:00

% Time on Ice - Avalanche

Lines # - Real PCT - Wanted PCT - Time Play
Normal Forward
1 - 32% - 33% - 16:19
2 - 30% - 32% - 14:54
3 - 24% - 25% - 12:18
4 - 14% - 10% - 6:57
Normal Defense
1 - 35% - 33% - 17:30
2 - 32% - 32% - 16:01
3 - 27% - 25% - 13:24
4 - 7% - 10% - 3:33
PP Forward
1 - 83% - 60% - 1:52
2 - 17% - 40% - 0:23
PP Defense
1 - 70% - 60% - 1:34
2 - 30% - 40% - 0:41
PK Forward
1 - 73% - 60% - 4:30
2 - 27% - 40% - 1:41
PK Defense
1 - 54% - 60% - 3:19
2 - 46% - 40% - 2:52
PK3 Forward
1 - 0% - 60%
2 - 0% - 40%
PK3 Defense
1 - 0% - 60%
2 - 0% - 40%
44 Forward
1 - 0% - 60%
2 - 0% - 40%
44 Defense
1 - 0% - 60%
2 - 0% - 40%
Last Minute Offensive  - 0:00
Last Minute Defensive  - 1:06
Total
Forward - 60:00
Defense - 60:00

Play by Play

1st period


0:01 of 1st period - Sean Couturier wins face-off versus Nicklas Backstrom in neutral zone.
0:39 of 1st period - Wrist shot by Mark Stone.
0:39 of 1st period - Stopped by Corey Crawford with a rebound.
0:45 of 1st period - Adam Larsson is hit by Kyle Palmieri.
0:57 of 1st period - Wrist shot by Sam Bennett.
0:57 of 1st period - Shot Misses the Net.
1:05 of 1st period - Backhand shot by Kyle Palmieri.
1:05 of 1st period - Stopped by Cory Schneider without a rebound.
1:06 of 1st period - Zack Smith wins face-off versus Radek Faksa in Avalanche zone.
1:13 of 1st period - Snap shot by Zack Smith.
1:13 of 1st period - Stopped by Corey Crawford with a rebound.
3:30 of 1st period - Snap shot by Taylor Hall.
3:30 of 1st period - Shot Misses the Net.
3:32 of 1st period - Slapshot by Adam Larsson.
3:32 of 1st period - Shot Blocked by Ryan Murray.
4:02 of 1st period - Wrist shot by Mark Stone.
4:02 of 1st period - Shot Misses the Net.
4:04 of 1st period - Slapshot by Adam Larsson.
4:04 of 1st period - Shot Blocked by James Neal.
4:06 of 1st period - Snap shot by Adam Henrique.
4:06 of 1st period - Shot Blocked by Will Butcher.
4:08 of 1st period - Slapshot by Mattias Ekholm.
4:08 of 1st period - Shot Misses the Net.
4:10 of 1st period - Slapshot by Mark Stone.
4:10 of 1st period - Shot Blocked by Vladimir Tarasenko.
4:20 of 1st period - Snap shot by Mark Stone.
4:20 of 1st period - Shot Misses the Net.
4:24 of 1st period - Snap shot by Taylor Hall.
4:24 of 1st period - Stopped by Corey Crawford with a rebound.
4:26 of 1st period - Slapshot by Adam Larsson.
4:26 of 1st period - Deflect By Nicklas Backstrom.
4:26 of 1st period - Stopped by Corey Crawford without a rebound.
4:27 of 1st period - Radek Faksa wins face-off versus Sean Couturier in Islanders zone.
4:29 of 1st period - Minor Penalty to Radek Faksa for Boarding.
4:30 of 1st period - Chris Mueller wins face-off versus Sean Couturier in Islanders zone.
6:29 of 1st period - Penalty to Radek Faksa is over, Radek Faksa is back on ice.
6:51 of 1st period - Icing by Mattias Ekholm.
6:52 of 1st period - Zack Smith wins face-off versus Tyler Bozak in Avalanche zone.
6:59 of 1st period - Snap shot by Zack Smith.
6:59 of 1st period - Stopped by Corey Crawford with a rebound.
8:01 of 1st period - Icing by Taylor Hall.
8:02 of 1st period - Tyler Bozak wins face-off versus Adam Henrique in Avalanche zone.
8:38 of 1st period - Wrist shot by Jesper Fast.
8:38 of 1st period - Shot Misses the Net.
8:40 of 1st period - Wrist shot by Radek Faksa.
8:40 of 1st period - Shot Misses the Net.
8:42 of 1st period - Snap shot by Mikhail Grigorenko.
8:42 of 1st period - Shot Misses the Net.
8:59 of 1st period - Snap shot by Vladimir Tarasenko.
8:59 of 1st period - Shot Hit the Post.
9:01 of 1st period - Slapshot by Jordie Benn.
9:01 of 1st period - Stopped by Cory Schneider without a rebound.
9:02 of 1st period - Zack Smith wins face-off versus Kyle Palmieri in Avalanche zone.
9:02 of 1st period - Zack Smith is hit by Kyle Palmieri.
9:55 of 1st period - Sean Couturier is hit by Radek Faksa and loses puck.
10:25 of 1st period - Wrist shot by Vladimir Tarasenko.
10:25 of 1st period - Shot Blocked by Mark Stuart.
10:45 of 1st period - Snap shot by Mark Stone.
10:45 of 1st period - Shot Misses the Net.
10:47 of 1st period - Wrist shot by Damon Severson.
10:47 of 1st period - Deflect By Mark Stone.
10:47 of 1st period - Stopped by Corey Crawford without a rebound.
10:48 of 1st period - Radek Faksa wins face-off versus Johnny Gaudreau in Islanders zone.
11:15 of 1st period - Jakob Silfverberg is hit by Ryan Murray.
11:43 of 1st period - Sam Bennett is hit by Alex Goligoski and loses puck.
11:49 of 1st period - Off-side.
11:50 of 1st period - Radek Faksa wins face-off versus Sean Couturier in neutral zone.
12:25 of 1st period - Snap shot by Mark Stone.
12:25 of 1st period - Shot Blocked by Ryan Murray.
12:27 of 1st period - Slapshot by Mattias Ekholm.
12:27 of 1st period - Deflect By Mark Stone.
12:27 of 1st period - Shot Misses the Net.
12:27 of 1st period - Puck is out of play.
12:28 of 1st period - Tyler Bozak wins face-off versus Sean Couturier in Islanders zone.
12:38 of 1st period - Off-side.
12:39 of 1st period - Sean Couturier wins face-off versus Radek Faksa in neutral zone.
12:53 of 1st period - Off-side.
12:54 of 1st period - Tyler Bozak wins face-off versus Zack Smith in neutral zone.
12:59 of 1st period - Slapshot by Brandon Saad.
12:59 of 1st period - Stopped by Cory Schneider with a rebound.
13:01 of 1st period - Snap shot by Kyle Palmieri.
13:01 of 1st period - Shot Blocked by Mattias Ekholm.
13:03 of 1st period - Wrist shot by Brandon Saad.
13:03 of 1st period - Stopped by Cory Schneider with a rebound.
13:05 of 1st period - Wrist shot by Alex Goligoski.
13:05 of 1st period - Stopped by Cory Schneider without a rebound.
13:06 of 1st period - Radek Faksa wins face-off versus Sean Couturier in Avalanche zone.
13:31 of 1st period - Jakob Silfverberg is hit by Alex Goligoski.
13:54 of 1st period - Off-side.
13:55 of 1st period - Adam Henrique wins face-off versus Nicklas Backstrom in neutral zone.
13:58 of 1st period - Nicklas Backstrom is hit by Mark Stone and loses puck.
14:45 of 1st period - Snap shot by Vladimir Tarasenko.
14:45 of 1st period - Shot Misses the Net.
14:47 of 1st period - Slapshot by Ryan Murray.
14:47 of 1st period - Stopped by Cory Schneider with a rebound.
14:53 of 1st period - Slapshot by Nicklas Backstrom.
14:53 of 1st period - Stopped by Cory Schneider with a rebound.
14:55 of 1st period - Backhand shot by Ryan Murray.
14:55 of 1st period - Stopped by Cory Schneider with a rebound.
14:57 of 1st period - Slapshot by Ryan Murray.
14:57 of 1st period - Stopped by Cory Schneider with a rebound.
14:59 of 1st period - Slapshot by Vladimir Tarasenko.
14:59 of 1st period - Stopped by Cory Schneider without a rebound.
15:00 of 1st period - Sean Couturier wins face-off versus Tyler Bozak in Avalanche zone.
15:00 of 1st period - Sean Couturier is hit by Karl Alzner.
15:16 of 1st period - Slapshot by Brandon Saad.
15:16 of 1st period - Shot Blocked by Sean Couturier.
15:22 of 1st period - Minor Penalty to Nikita Kucherov for Interference.
15:23 of 1st period - Zack Smith wins face-off versus Tyler Bozak in Avalanche zone.
17:22 of 1st period - Penalty to Nikita Kucherov is over, Nikita Kucherov is back on ice.
17:57 of 1st period - Snap shot by Adam Henrique.
17:57 of 1st period - Shot Misses the Net.
18:21 of 1st period - Slapshot by Chris Mueller.
18:21 of 1st period - Shot Blocked by Jaccob Slavin.
19:12 of 1st period - Snap shot by Johnny Gaudreau.
19:12 of 1st period - Stopped by Corey Crawford without a rebound.
19:13 of 1st period - Sean Couturier wins face-off versus Radek Faksa in Islanders zone.
19:20 of 1st period - Wrist shot by Nikita Kucherov.
19:20 of 1st period - Stopped by Corey Crawford with a rebound.
19:22 of 1st period - Slapshot by Mattias Ekholm.
19:22 of 1st period - Shot Blocked by Ryan Murray.
19:24 of 1st period - Slapshot by Adam Larsson.
19:24 of 1st period - Stopped by Corey Crawford without a rebound.
19:25 of 1st period - Tyler Bozak wins face-off versus Sean Couturier in Islanders zone.
19:40 of 1st period - Wrist shot by Tyler Bozak.
19:40 of 1st period - Shot Blocked by Nikita Kucherov.
19:52 of 1st period - Slapshot by Vladimir Tarasenko.
19:52 of 1st period - Deflect By Nicklas Backstrom.
19:52 of 1st period - Shot Misses the Net.
19:52 of 1st period - Puck is out of play.
19:53 of 1st period - Zack Smith wins face-off versus Nicklas Backstrom in Avalanche zone.
19:57 of 1st period - Icing by Mattias Ekholm.
19:58 of 1st period - Tyler Bozak wins face-off versus Zack Smith in Avalanche zone.
Goals for this period are 0 for Islanders vs 0 for Avalanche.
Shots for this period are 10 for Islanders vs 9 for Avalanche.

2nd period


0:01 of 2nd period - Sean Couturier wins face-off versus Tyler Bozak in neutral zone.
0:26 of 2nd period - Jordie Benn is hit by Mark Jankowski and loses puck.
0:56 of 2nd period - Wrist shot by Mark Stone.
0:56 of 2nd period - Goal by Mark Stone - Islanders : 0 - Avalanche : 1.
0:57 of 2nd period - Sean Couturier wins face-off versus Tyler Bozak in neutral zone.
1:11 of 2nd period - Wrist shot by Johnny Gaudreau.
1:11 of 2nd period - Goal by Johnny Gaudreau - Islanders : 0 - Avalanche : 2.
1:12 of 2nd period - Radek Faksa wins face-off versus Sean Couturier in neutral zone.
1:21 of 2nd period - Wrist shot by Johnny Gaudreau.
1:21 of 2nd period - Stopped by Corey Crawford with a rebound.
1:25 of 2nd period - Snap shot by Nikita Kucherov.
1:25 of 2nd period - Stopped by Corey Crawford without a rebound.
1:26 of 2nd period - Zack Smith wins face-off versus Tyler Bozak in Islanders zone.
1:41 of 2nd period - Snap shot by Brandon Saad.
1:41 of 2nd period - Deflect By Tyler Bozak.
1:41 of 2nd period - Shot Misses the Net.
1:41 of 2nd period - Puck is out of play.
1:42 of 2nd period - Nicklas Backstrom wins face-off versus Sean Couturier in Avalanche zone.
1:45 of 2nd period - Snap shot by Nicklas Backstrom.
1:45 of 2nd period - Deflect By Vladimir Tarasenko.
1:45 of 2nd period - Stopped by Cory Schneider without a rebound.
1:46 of 2nd period - Nicklas Backstrom wins face-off versus Sean Couturier in Avalanche zone.
1:49 of 2nd period - Wrist shot by Nicklas Backstrom.
1:49 of 2nd period - Stopped by Cory Schneider without a rebound.
1:50 of 2nd period - Sean Couturier wins face-off versus Nicklas Backstrom in Avalanche zone.
2:42 of 2nd period - Wrist shot by Nikita Kucherov.
2:42 of 2nd period - Stopped by Corey Crawford without a rebound.
2:43 of 2nd period - Radek Faksa wins face-off versus Adam Henrique in Islanders zone.
3:14 of 2nd period - Snap shot by Chris Mueller.
3:14 of 2nd period - Stopped by Cory Schneider without a rebound.
3:15 of 2nd period - Zack Smith wins face-off versus Evan Rodrigues in Avalanche zone.
3:48 of 2nd period - Snap shot by Pavel Buchnevich.
3:48 of 2nd period - Shot Blocked by Brandon Saad.
3:50 of 2nd period - Snap shot by Pavel Buchnevich.
3:50 of 2nd period - Shot Misses the Net.
4:30 of 2nd period - Wrist shot by Mark Jankowski.
4:30 of 2nd period - Stopped by Corey Crawford with a rebound.
4:32 of 2nd period - Snap shot by Zack Smith.
4:32 of 2nd period - Shot Blocked by Jesper Fast.
4:34 of 2nd period - Wrist shot by Jakob Silfverberg.
4:34 of 2nd period - Shot Misses the Net.
4:48 of 2nd period - Slapshot by Vladimir Tarasenko.
4:48 of 2nd period - Shot Misses the Net.
5:00 of 2nd period - Snap shot by Vladimir Tarasenko.
5:00 of 2nd period - Shot Misses the Net.
5:18 of 2nd period - Snap shot by Sam Bennett.
5:18 of 2nd period - Shot Misses the Net.
5:20 of 2nd period - Slapshot by Mark Giordano.
5:20 of 2nd period - Stopped by Corey Crawford with a rebound.
5:32 of 2nd period - Wrist shot by Jake Gardiner.
5:32 of 2nd period - Deflect By Chris Mueller.
5:32 of 2nd period - Stopped by Cory Schneider without a rebound.
5:33 of 2nd period - Evan Rodrigues wins face-off versus Sean Couturier in Avalanche zone.
5:34 of 2nd period - Wrist shot by Chris Mueller.
5:34 of 2nd period - Deflect By Nikita Kucherov.
5:34 of 2nd period - Shot Hit the Post.
5:34 of 2nd period - Puck is out of play.
5:35 of 2nd period - Mark Jankowski wins face-off versus Evan Rodrigues in Avalanche zone.
5:46 of 2nd period - Snap shot by Chris Mueller.
5:46 of 2nd period - Stopped by Cory Schneider with a rebound.
5:48 of 2nd period - Slapshot by Chris Mueller.
5:48 of 2nd period - Shot Misses the Net.
5:50 of 2nd period - Slapshot by Alex Goligoski.
5:50 of 2nd period - Stopped by Cory Schneider without a rebound.
5:51 of 2nd period - Tyler Bozak wins face-off versus Adam Henrique in Avalanche zone.
5:54 of 2nd period - Slapshot by Brandon Saad.
5:54 of 2nd period - Goal by Brandon Saad - Islanders : 1 - Avalanche : 2.
5:55 of 2nd period - Adam Henrique wins face-off versus Tyler Bozak in neutral zone.
6:17 of 2nd period - Minor Penalty to Mark Stone for Interference.
6:18 of 2nd period - Nicklas Backstrom wins face-off versus Zack Smith in Avalanche zone.
6:19 of 2nd period - Snap shot by Kyle Palmieri.
6:19 of 2nd period - Stopped by Cory Schneider with a rebound.
6:21 of 2nd period - Snap shot by Karl Alzner.
6:21 of 2nd period - Stopped by Cory Schneider with a rebound.
6:23 of 2nd period - Slapshot by Alex Goligoski.
6:23 of 2nd period - Stopped by Cory Schneider with a rebound.
6:25 of 2nd period - Slapshot by Karl Alzner.
6:25 of 2nd period - Shot Blocked by Jakob Silfverberg.
6:31 of 2nd period - Snap shot by Vladimir Tarasenko.
6:31 of 2nd period - Deflect By Nicklas Backstrom.
6:31 of 2nd period - Goal by Nicklas Backstrom - Islanders : 2 - Avalanche : 2.
6:32 of 2nd period - Zack Smith wins face-off versus Nicklas Backstrom in neutral zone.
6:34 of 2nd period - Off-side.
6:35 of 2nd period - Zack Smith wins face-off versus Nicklas Backstrom in neutral zone.
7:22 of 2nd period - Snap shot by Chris Mueller.
7:22 of 2nd period - Stopped by Cory Schneider with a rebound.
7:24 of 2nd period - Slapshot by Will Butcher.
7:24 of 2nd period - Deflect By Sean Couturier.
7:24 of 2nd period - Stopped by Cory Schneider without a rebound.
7:25 of 2nd period - Evan Rodrigues wins face-off versus Adam Henrique in Avalanche zone.
7:35 of 2nd period - Minor Penalty to Mark Stone for Cross-checking.
7:36 of 2nd period - Zack Smith wins face-off versus Nicklas Backstrom in Avalanche zone.
8:04 of 2nd period - Slapshot by Alex Goligoski.
8:04 of 2nd period - Deflect By Tyler Bozak.
8:04 of 2nd period - Shot Blocked by Jaccob Slavin.
8:04 of 2nd period - Puck is out of play.
8:05 of 2nd period - Zack Smith wins face-off versus Tyler Bozak in Avalanche zone.
9:35 of 2nd period - Penalty to Mark Stone is over, Mark Stone is back on ice.
9:50 of 2nd period - Backhand shot by Mark Stone.
9:50 of 2nd period - Stopped by Corey Crawford with a rebound.
10:02 of 2nd period - Chris Mueller is hit by Pavel Buchnevich and loses puck.
11:56 of 2nd period - Tyler Bozak is hit by Adam Larsson and loses puck.
12:19 of 2nd period - Icing by Jaccob Slavin.
12:20 of 2nd period - Mark Stone wins face-off versus Radek Faksa in Avalanche zone.
12:48 of 2nd period - Slapshot by Mikhail Grigorenko.
12:48 of 2nd period - Shot Blocked by Mattias Ekholm.
13:17 of 2nd period - Snap shot by Nikita Kucherov.
13:17 of 2nd period - Stopped by Corey Crawford with a rebound.
13:44 of 2nd period - Wrist shot by Nicklas Backstrom.
13:44 of 2nd period - Stopped by Cory Schneider with a rebound.
14:08 of 2nd period - Slapshot by Mattias Ekholm.
14:08 of 2nd period - Deflect By Mark Jankowski.
14:08 of 2nd period - Shot Misses the Net.
14:08 of 2nd period - Puck is out of play.
14:09 of 2nd period - Sean Couturier wins face-off versus Tyler Bozak in Islanders zone.
14:14 of 2nd period - Wrist shot by Johnny Gaudreau.
14:14 of 2nd period - Deflect By Sean Couturier.
14:14 of 2nd period - Shot Blocked by Brandon Saad.
14:14 of 2nd period - Puck is out of play.
14:15 of 2nd period - Sean Couturier wins face-off versus Kyle Palmieri in Islanders zone.
14:18 of 2nd period - Wrist shot by Johnny Gaudreau.
14:18 of 2nd period - Shot Misses the Net.
14:55 of 2nd period - Snap shot by Kyle Palmieri.
14:55 of 2nd period - Stopped by Cory Schneider with a rebound.
14:57 of 2nd period - Backhand shot by Kyle Palmieri.
14:57 of 2nd period - Stopped by Cory Schneider without a rebound.
14:58 of 2nd period - Adam Henrique wins face-off versus Radek Faksa in Avalanche zone.
15:24 of 2nd period - Timo Meier is hit by Mark Stuart and loses puck.
16:12 of 2nd period - Slapshot by Jesper Fast.
16:12 of 2nd period - Shot Misses the Net.
16:30 of 2nd period - Snap shot by Taylor Hall.
16:30 of 2nd period - Goal by Taylor Hall - Islanders : 2 - Avalanche : 3.
16:31 of 2nd period - Adam Henrique wins face-off versus Tyler Bozak in neutral zone.
16:38 of 2nd period - Snap shot by Mark Stone.
16:38 of 2nd period - Shot Misses the Net.
16:40 of 2nd period - Backhand shot by Adam Larsson.
16:40 of 2nd period - Shot Blocked by Alex Goligoski.
16:42 of 2nd period - Slapshot by Adam Larsson.
16:42 of 2nd period - Shot Blocked by Tyler Bozak.
16:44 of 2nd period - Snap shot by Adam Larsson.
16:44 of 2nd period - Shot Blocked by Alex Goligoski.
16:46 of 2nd period - Slapshot by Mark Stone.
16:46 of 2nd period - Shot Blocked by Kyle Palmieri.
16:48 of 2nd period - Slapshot by Adam Larsson.
16:48 of 2nd period - Shot Misses the Net.
16:58 of 2nd period - Adam Larsson is hit by Alex Goligoski.
17:58 of 2nd period - Snap shot by Sam Bennett.
17:58 of 2nd period - Stopped by Corey Crawford with a rebound.
18:32 of 2nd period - Minor Penalty to Sam Bennett for High sticking.
18:33 of 2nd period - Zack Smith wins face-off versus Nicklas Backstrom in Avalanche zone.
19:49 of 2nd period - Brandon Saad is hit by Sean Couturier and loses puck.
Goals for this period are 2 for Islanders vs 3 for Avalanche.
Shots for this period are 16 for Islanders vs 11 for Avalanche.

3rd period


0:01 of 3rd period - Zack Smith wins face-off versus Nicklas Backstrom in neutral zone.
0:10 of 3rd period - Slapshot by Jakob Silfverberg.
0:10 of 3rd period - Deflect By Zack Smith.
0:10 of 3rd period - Shot Blocked by Kyle Palmieri.
0:10 of 3rd period - Puck is out of play.
0:11 of 3rd period - Nicklas Backstrom wins face-off versus Zack Smith in Islanders zone.
0:28 of 3rd period - Wrist shot by Nicklas Backstrom.
0:28 of 3rd period - Stopped by Cory Schneider with a rebound.
0:32 of 3rd period - Penalty to Sam Bennett is over, Sam Bennett is back on ice.
1:33 of 3rd period - Snap shot by Kyle Palmieri.
1:33 of 3rd period - Stopped by Cory Schneider without a rebound.
1:34 of 3rd period - Sean Couturier wins face-off versus Nicklas Backstrom in Avalanche zone.
1:43 of 3rd period - Slapshot by Jaccob Slavin.
1:43 of 3rd period - Stopped by Corey Crawford with a rebound.
2:26 of 3rd period - Mark Jankowski is hit by Mikhail Grigorenko and loses puck.
2:39 of 3rd period - Slapshot by Jaccob Slavin.
2:39 of 3rd period - Deflect By Chris Mueller.
2:39 of 3rd period - Stopped by Corey Crawford without a rebound.
2:40 of 3rd period - Sam Bennett wins face-off versus Evan Rodrigues in Islanders zone.
2:53 of 3rd period - Slapshot by Will Butcher.
2:53 of 3rd period - Shot Misses the Net.
2:55 of 3rd period - Slapshot by Will Butcher.
2:55 of 3rd period - Stopped by Cory Schneider without a rebound.
2:56 of 3rd period - Brandon Saad wins face-off versus Adam Henrique in Avalanche zone.
2:57 of 3rd period - Snap shot by Tyler Bozak.
2:57 of 3rd period - Goal by Tyler Bozak - Islanders : 3 - Avalanche : 3.
2:58 of 3rd period - Tyler Bozak wins face-off versus Adam Henrique in neutral zone.
3:30 of 3rd period - Will Butcher is hit by Jakob Silfverberg and loses puck.
3:47 of 3rd period - Wrist shot by Kyle Palmieri.
3:47 of 3rd period - Deflect By Brandon Saad.
3:47 of 3rd period - Deflect By Nikita Kucherov.
3:47 of 3rd period - Stopped by Cory Schneider without a rebound.
3:48 of 3rd period - Sean Couturier wins face-off versus Nicklas Backstrom in Avalanche zone.
3:48 of 3rd period - Sean Couturier is hit by Nicklas Backstrom.
3:58 of 3rd period - Slapshot by Nicklas Backstrom.
3:58 of 3rd period - Stopped by Cory Schneider without a rebound.
3:59 of 3rd period - Nicklas Backstrom wins face-off versus Adam Henrique in Avalanche zone.
5:10 of 3rd period - Evan Rodrigues is hit by Sean Couturier.
5:54 of 3rd period - Snap shot by Jesper Fast.
5:54 of 3rd period - Deflect By Radek Faksa.
5:54 of 3rd period - Shot Misses the Net.
5:54 of 3rd period - Puck is out of play.
5:55 of 3rd period - Sam Bennett wins face-off versus Kyle Palmieri in Avalanche zone.
6:00 of 3rd period - Slapshot by Kyle Palmieri.
6:00 of 3rd period - Stopped by Cory Schneider without a rebound.
6:01 of 3rd period - Tyler Bozak wins face-off versus Mark Stone in Avalanche zone.
6:32 of 3rd period - Johnny Gaudreau is hit by Nicklas Backstrom and loses puck.
6:45 of 3rd period - Wrist shot by Vladimir Tarasenko.
6:45 of 3rd period - Stopped by Cory Schneider without a rebound.
6:46 of 3rd period - Radek Faksa wins face-off versus Zack Smith in Avalanche zone.
6:57 of 3rd period - Zack Smith is hit by Radek Faksa and loses puck.
7:30 of 3rd period - Off-side.
7:31 of 3rd period - Sean Couturier wins face-off versus Kyle Palmieri in neutral zone.
7:39 of 3rd period - Penalty Shot by Jake Gardiner for Islanders.
7:39 of 3rd period - Wrist shot by Jake Gardiner.
7:39 of 3rd period - Stopped by Cory Schneider.
7:40 of 3rd period - Sean Couturier wins face-off versus Nicklas Backstrom in Islanders zone.
7:50 of 3rd period - Wrist shot by Johnny Gaudreau.
7:50 of 3rd period - Stopped by Corey Crawford with a rebound.
7:52 of 3rd period - Minor Penalty to Alex Goligoski for Hooking.
7:53 of 3rd period - Sean Couturier wins face-off versus Jesper Fast in Islanders zone.
8:08 of 3rd period - Snap shot by Nikita Kucherov.
8:08 of 3rd period - Deflect By Johnny Gaudreau.
8:08 of 3rd period - Goal by Johnny Gaudreau - Islanders : 3 - Avalanche : 4.
8:09 of 3rd period - Tyler Bozak wins face-off versus Adam Henrique in neutral zone.
8:14 of 3rd period - Karl Alzner is hit by Adam Henrique and loses puck.
8:23 of 3rd period - Wrist shot by Mark Stone.
8:23 of 3rd period - Shot Blocked by Karl Alzner.
8:48 of 3rd period - Adam Larsson is hit by Ryan Murray and loses puck.
9:12 of 3rd period - Mark Giordano is hit by Jesper Fast and loses puck.
9:31 of 3rd period - Slapshot by Pavel Buchnevich.
9:31 of 3rd period - Stopped by Corey Crawford with a rebound.
9:33 of 3rd period - Snap shot by Mark Stuart.
9:33 of 3rd period - Stopped by Corey Crawford without a rebound.
9:34 of 3rd period - Tyler Bozak wins face-off versus Adam Henrique in Islanders zone.
10:05 of 3rd period - Slapshot by Johnny Gaudreau.
10:05 of 3rd period - Stopped by Corey Crawford without a rebound.
10:06 of 3rd period - Nicklas Backstrom wins face-off versus Sean Couturier in Islanders zone.
10:06 of 3rd period - Nicklas Backstrom is hit by Sean Couturier.
10:16 of 3rd period - Wrist shot by Nicklas Backstrom.
10:16 of 3rd period - Shot Misses the Net.
10:20 of 3rd period - Snap shot by Vladimir Tarasenko.
10:20 of 3rd period - Deflect By Nicklas Backstrom.
10:20 of 3rd period - Shot Blocked by Jaccob Slavin.
10:20 of 3rd period - Puck is out of play.
10:21 of 3rd period - Adam Henrique wins face-off versus Tyler Bozak in Avalanche zone.
10:21 of 3rd period - Adam Henrique is hit by Tyler Bozak.
10:28 of 3rd period - Off-side.
10:29 of 3rd period - Tyler Bozak wins face-off versus Adam Henrique in neutral zone.
10:42 of 3rd period - Snap shot by Kyle Palmieri.
10:42 of 3rd period - Shot Blocked by Adam Larsson.
10:44 of 3rd period - Slapshot by Kyle Palmieri.
10:44 of 3rd period - Shot Misses the Net.
11:37 of 3rd period - Wrist shot by Tyler Bozak.
11:37 of 3rd period - Stopped by Cory Schneider without a rebound.
11:38 of 3rd period - Sean Couturier wins face-off versus Tyler Bozak in Avalanche zone.
11:47 of 3rd period - Wrist shot by Nikita Kucherov.
11:47 of 3rd period - Stopped by Corey Crawford without a rebound.
11:48 of 3rd period - Sean Couturier wins face-off versus Nicklas Backstrom in Islanders zone.
12:19 of 3rd period - Tyler Bozak is hit by Mark Stuart and loses puck.
12:38 of 3rd period - Snap shot by Pavel Buchnevich.
12:38 of 3rd period - Shot Blocked by Jordie Benn.
13:36 of 3rd period - Wrist shot by Jakob Silfverberg.
13:36 of 3rd period - Shot Misses the Net.
13:48 of 3rd period - Wrist shot by Nicklas Backstrom.
13:48 of 3rd period - Shot Blocked by Mark Jankowski.
14:00 of 3rd period - Wrist shot by Vladimir Tarasenko.
14:00 of 3rd period - Stopped by Cory Schneider without a rebound.
14:01 of 3rd period - Adam Henrique wins face-off versus Tyler Bozak in Avalanche zone.
14:08 of 3rd period - Tyler Bozak is hit by Taylor Hall and loses puck.
14:27 of 3rd period - Damon Severson is hit by Radek Faksa and loses puck.
14:58 of 3rd period - Slapshot by Chris Mueller.
14:58 of 3rd period - Stopped by Cory Schneider without a rebound.
14:59 of 3rd period - Adam Henrique wins face-off versus Brandon Saad in Avalanche zone.
15:08 of 3rd period - Adam Larsson is hit by Kyle Palmieri and loses puck.
15:32 of 3rd period - Snap shot by Radek Faksa.
15:32 of 3rd period - Shot Misses the Net.
15:51 of 3rd period - Timo Meier is hit by Mark Giordano and loses puck.
16:49 of 3rd period - Mark Giordano is hit by Radek Faksa.
17:09 of 3rd period - Wrist shot by Radek Faksa.
17:09 of 3rd period - Stopped by Cory Schneider without a rebound.
17:10 of 3rd period - Nicklas Backstrom wins face-off versus Zack Smith in Avalanche zone.
17:58 of 3rd period - Timo Meier is hit by Damon Severson and loses puck.
18:03 of 3rd period - Wrist shot by Pavel Buchnevich.
18:03 of 3rd period - Stopped by Corey Crawford without a rebound.
18:04 of 3rd period - Sam Bennett wins face-off versus Radek Faksa in Islanders zone.
18:43 of 3rd period - Wrist shot by Zack Smith.
18:43 of 3rd period - Shot Misses the Net.
19:14 of 3rd period - Sean Couturier is hit by Karl Alzner and loses puck.
19:17 of 3rd period - Islanders, Corey Crawford is pulled from the net.
Goals for this period are 1 for Islanders vs 1 for Avalanche.
Shots for this period are 12 for Islanders vs 9 for Avalanche.